 Dungeon Crawl Stone Soup version 0.32-a0-540-g866d13106e (webtiles) character file.

Game seed: 1247658645039044596

137 javelincjr the Grasshopper (level 5, -1/58 HPs)
             Began as a Demonspawn Warper on Feb 28, 2024.
             Was a Follower of Beogh.
             Slain by a kobold
             ... wielding a +0 whip
              (2 damage)
             ... on level 4 of the Dungeon.
             The game lasted 00:07:29 (1882 turns).

javelincjr the Grasshopper (Demonspawn Warper)      Turns: 1882, Time: 00:07:30

Health: -1/58      AC: 22    Str: 14    XL:     5   Next: 0%
Magic:  8/8        EV:  2    Int: 13    God:    Beogh [*.....]
Gold:   162        SH:  4    Dex: 18    Spells: 5/9 levels left

rFire   . . .        a - +0 spear
rCold   . . .        (no shield)
rNeg    . . .        b - melded +0 leather armour
rPois   +            (helmet currently unavailable)
rElec   .            (cloak currently unavailable)
rCorr   .            (gloves currently unavailable)
SInv    .            (boots currently unavailable)
Will    .....        (no amulet)
Stlth   ++           j - +6 ring of dexterity
HPRegen 0.29/turn    (no ring)
MPRegen 0.11/turn

%: no passive effects
@: mighty, lethally poisoned (-1 -> -4), tree-form, hasted, very quick
A: stationary, stasis, torment immunity, boosted hp, (thin metallic scales 1),
(spiny 1), condensation shield
a: Renounce Religion


You were on level 4 of the Dungeon.
You worshipped Beogh.
Beogh was aware of your devotion.
You were a tree.
You visited 1 branch of the dungeon, and saw 5 of its levels.

You collected 162 gold pieces.

Inventory:

Hand Weapons
 a - a +0 spear (weapon)
Missiles
 d - 5 darts of dispersal
 s - 5 boomerangs (quivered)
Armour
 b - a +0 leather armour (melded)
 p - a +0 ring mail
 q - a +0 scale mail
Jewellery
 j - a +6 ring of dexterity (left branch)
 o - a ring of ice
Wands
 n - a wand of flame (10)
Scrolls
 c - a scroll of blinking
 f - 2 scrolls of amnesia {unknown}
 g - a scroll of identify {unknown}
 l - 2 scrolls of enchant armour {unknown}
 r - a scroll of vulnerability {unknown}
Potions
 m - a potion of heal wounds {unknown}


   Skills:
 + Level 2.7 Fighting
 + Level 2.4 Polearms
 - Level 1.5 Throwing
 + Level 1.5 Armour
 + Level 2.3 Dodging
 + Level 2.5 Spellcasting
 * Level 3.2 Translocations
 + Level 0.7 Invocations


You had 5 spell levels left.
You knew the following spells:

 Your Spells              Type           Power      Damage    Failure   Level
a - Blink                 Tloc           20%        N/A       10%         2
b - Lesser Beckoning      Tloc           20%        N/A       10%         2

Your spell library contained the following spells:

 Spells                   Type           Power      Damage    Failure   Level
 Teleport Other           Tloc           10%        N/A       19%         3
 Sandblast                Erth           2%         2d4       24%         1
 Manifold Assault         Tloc           10%        N/A       54%         4
 Passwall                 Erth           1%         N/A       58%         3
 Stone Arrow              Conj/Erth      2%         3d7       58%         3
 Vhi's Electric Charge    Tloc/Air       10%        N/A       77%         4
 Animate Armour           Summ/Erth      2%         N/A       94%         4
 Brom's Barrelling Bould  Conj/Erth      1%         2d3       94%         4
 Lehudib's Crystal Spear  Conj/Erth      0%         10d2      100%        8


Dungeon Overview and Level Annotations

Branches:
Dungeon (5/15)
 Temple: D:4-7

Altars:
Kikubaaqudgha
Beogh

Annotations:
D:4 Grinder


Innate Abilities, Weirdness & Mutations

You are a tree.
Your roots penetrate the ground, keeping you stationary.
You cannot be teleported.
You are immune to unholy pain and torment.
Your maximum health is greatly increased.
Your equipment is partially melded.
((You are partially covered in thin metallic scales. (AC +2)))
((You are partially covered in sharp spines.))
A meltable shield of frost defends you. (SH +4)


Message History

Grinder is moderately wounded.
You closely miss Grinder.
Grinder is moderately wounded.
Grinder closely misses you. Grinder gestures at you.
You barely resist.
You reach to attack!
You hit Grinder.
Grinder is heavily wounded.
The kobold throws a poisoned dart.
The poisoned dart hits you!
You are poisoned.
It was a potion of haste.
You feel yourself speed up.
You feel very sick.
You closely miss Grinder.
Grinder is heavily wounded.
You feel sick.
Grinder blinks!
You hit the kobold but do no damage.
You feel sick. You block the kobold's attack.
Reach: a) +0 spear
Press: ? - help, Dir - move target, f/p - Grinder
Aim: Grinder (heavily wounded, about 38% to evade your +0 spear)
You reach to attack!
You closely miss Grinder.
Grinder is heavily wounded.
You feel sick. Grinder gestures at you. Pain shoots through your body!
The kobold barely misses you.
You feel sick.
Grinder says, "You look like you could use a good racking."
Grinder gestures at you. Pain shoots through your body!
* * * LOW HITPOINT WARNING * * *
A dart slug comes into view.
It was a potion of lignification.
You turn into a tree.
Your +0 leather armour melds into your body.
Your roots penetrate the ground.
* * * LOW HITPOINT WARNING * * *
You feel sick.
It was a potion of might.
You feel very mighty all of a sudden. The kobold hits you with a +0 whip.
You die...

## ..K #....
#((w# ######
#(...##†...#
#..⌠....~5.#
#......~K..#
#...~.~~.♣.#
##.~≈≈~~..##
#..~≈≈~†.##.#
#..~≈~~~..#.#
##..~...⌠...#
#.........##
##....###.#####
#.#...........
#.#.#.....####.##


You could see Grinder, a dart slug and a kobold.

Vanquished Creatures
  A sleepcap (D:5)
  A gnoll (D:1)
  3 adders
  A ribbon worm (D:2)
  2 dart slugs
  6 bats
  13 endoplasms
  6 giant cockroaches
  3 goblins
  5 hobgoblins
  6 kobolds
  3 quokkas
  3 ball pythons
  2 frilled lizards
  4 rats
59 creatures vanquished.

Notes
Turn   | Place    | Note
-------+----------+-------------------------------------------
     0 | D:1      | javelincjr the Demonspawn Warper began the quest for the
                  | Orb.
     0 | D:1      | Reached XP level 1. HP: 16/16 MP: 3/3
     1 | D:1      | Noticed an electric eel
    27 | D:1      | Reached skill level 1 in Armour
    72 | D:1      | Reached skill level 1 in Throwing
   123 | D:1      | Gained mutation: You are partially covered in thin metallic
                  | scales. (AC +2) [demonic ancestry]
   123 | D:1      | Reached XP level 2. HP: 22/22 MP: 5/5
   128 | D:1      | Learned a level 2 spell: Blink
   131 | D:1      | Learned a level 2 spell: Lesser Beckoning
   311 | D:1      | Gained mutation: A meltable shield of frost defends you.
                  | (SH +4) [demonic ancestry]
   311 | D:1      | Reached XP level 3. HP: 5/27 MP: 6/6
   913 | D:2      | Reached skill level 3 in Translocations
   955 | D:2      | Found a faded altar of an unknown god.
   975 | D:2      | Prayed at the altar of an unknown god.
   975 | D:2      | Became a worshipper of Beogh the Shepherd
   975 | D:2      | Reached * piety under Beogh
   996 | D:2      | Gained mutation: You are partially covered in sharp spines.
                  | [demonic ancestry]
   996 | D:2      | Reached XP level 4. HP: 28/34 MP: 7/7
  1759 | D:3      | You fall into a shaft and drop 1 floor!
  1795 | D:5      | Entered Level 5 of the Dungeon
  1851 | D:4      | Found an ancient bone altar of Kikubaaqudgha.
  1854 | D:4      | Reached XP level 5. HP: 39/39 MP: 8/8
  1860 | D:4      | Noticed Grinder
  1867 | D:4      | Paralysed by Grinder for 5 turns
  1880 | D:4      | HP: 1/39 [Grinder/nerve-wracking pain (11)]
  1882 | D:4      | Slain by a kobold

Illustrated notes

Levels and vault maps discovered:
D:1:      arrival_aquarium_a, layout_loops_ring
D:2:      layout_basic, basic_ecumenical_altar, serial_bayou_pond_b,
          minmay_misc_feat_tiny
D:3:      layout_basic, serial_shops, nicolae_shop_just_a_little_nook,
          uniq_terence, uniq_jessica
D:4:      layout_basic, kiku_gazebo_pond_becter, nicolae_dithmenos_the_darkroom,
          minmay_misc_feat_diagonals, hangedman_abyss_or_decor_lesser_grid,
          chequers_serial_rivers_large_a, uniq_grinder, uniq_sigmund
D:5:      layout_loops_ring, nicolae_uskayaw_en_pointe

Skill      XL: |  1  2  3 |
---------------+----------+-----
Armour         | 1 |  1.5
Throwing       | 1 |  1.5
Polearms       | 2 |  2.4
Dodging        | 2 |  2.3
Translocations | 3 |  3.2
Fighting       | |  2.7
Spellcasting   | |  2.5
Invocations    | |  0.7

Action                     |  1- 3 |  4- 6 || total
---------------------------+-------+-------++-------
  Melee: Spear             |   145 |    62 ||   207
  Throw: Dart              |     2 |     3 ||     5
         Boomerang         |       |     3 ||     3
  Evoke: Wand              |       |     3 ||     3
    Use: Potion            |       |     3 ||     3
   Stab: Sleeping          |     5 |       ||     5
 Armour: Leather armour    |    49 |    16 ||    65
         Skin              |       |     1 ||     1
  Dodge: Dodged            |    59 |    19 ||    78
  Block: Other             |    22 |     4 ||    26

Table legend: (Time is in decaauts)
 A = Elapsed time spent in this place.
 B = Non-inter-level travel time spent in this place.
 C = Inter-level travel time spent in this place.
 D = Time resting spent in this place.
 E = Time spent auto-exploring this place.
 F = Levels seen in this place.
 G = Mean time per level.
                   A        B        C        D        E       F      G
               +--------+--------+--------+--------+--------+-----+--------+
         Total |   1882 |   1833 |     49 |     16 |   1359 |   5 |  376.4 |
       Dungeon |   1882 |   1833 |     49 |     16 |   1359 |   5 |  376.4 |
               +--------+--------+--------+--------+--------+-----+--------+

Top non-repeatable levels by time:
     D:1: 833 daAuts
     D:2: 727 daAuts
     D:3: 199 daAuts
     D:4: 101 daAuts
     D:5: 21 daAuts
